 Dungeon Crawl Stone Soup version 0.30-a0-134-gb40fab5c76 (webtiles) character file.

Game seed: 2471740289807391959

23 testman the Grave Robber (level 2, 0/19 HPs)
             Began as a Mummy Necromancer on Sept 19, 2022.
             Slain by an adder (1 damage)
             ... on level 2 of the Dungeon.
             The game lasted 00:02:26 (1078 turns).

testman the Grave Robber (Mummy Necromancer)        Turns: 1078, Time: 00:02:26

Health: 0/19       AC:  2    Str: 11    XL:     2   Next: 75%
Magic:  0/6        EV: 12    Int: 14    God:
Gold:   96         SH:  0    Dex: 12    Spells: 7/8 levels left

rFire   x . .      SeeInvis .    f - +0 short sword
rCold   + . .      Faith    +    (no shield)
rNeg    + + +      Spirit   .    a - +0 robe
rPois   ∞          Reflect  .    (no helmet)
rElec   .          Harm     .    (no cloak)
rCorr   .          Rampage  .    (no gloves)
Will    .....                    (no boots)
Stlth   ++........               (no amulet)
HPRegen 0.06/turn                (no ring)
MPRegen 0.10/turn                (no ring)

@: very slightly contaminated
A: cold resistance 1, negative energy resistance 3, torment resistance 2, heat
vulnerability 1, no potions, faith
a: no special abilities


You were on level 2 of the Dungeon.
You visited 1 branch of the dungeon, and saw 2 of its levels.

You collected 96 gold pieces.

Inventory:

Hand Weapons
 f - a +0 short sword (weapon)
Armour
 a - a +0 robe (worn)
Scrolls
 b - a scroll of amnesia {unknown}
 c - a scroll of teleportation {unknown}
 d - a scroll of identify {unknown}
 e - a scroll of torment {unknown}


   Skills:
 - Level 1.5 Dodging
 - Level 1.5 Stealth
 + Level 3.5 Spellcasting
 + Level 4.4 Necromancy


You had 7 spell levels left.
You knew the following spells:

 Your Spells              Type           Power      Damage    Failure   Level
a - Necrotise             Necr           56%        1d6       3%          1

Your spell library contained the following spells:

 Spells                   Type           Power      Damage    Failure   Level
 Vampiric Draining        Necr           14%        2d7       10%         3
 Animate Dead             Necr           14%        N/A       32%         4
 Agony                    Necr           14%        N/A       65%         5


Dungeon Overview and Level Annotations

Branches:
Dungeon (2/15)

Altars:


Innate Abilities, Weirdness & Mutations

You are immune to poison.
Your flesh is cold resistant. (rC+)
You are immune to negative energy. (rN+++)
You are immune to unholy pain and torment.
You are vulnerable to heat. (rF-)
You do not drink.
You have a special connection with the divine. (Faith)


Message History

The adder closely misses you. The adder bites you.
You are too injured to fight recklessly!
You closely miss the adder.
The adder is heavily wounded.
The adder closely misses you.
You closely miss the adder.
The adder is heavily wounded.
The adder closely misses you.
You hit the adder.
The adder is severely wounded.
The adder closely misses you.
Aiming: Necrotise (safe; 3% risk of failure)
Press: ? - help, Q - select action Shift-Dir - straight line, f/p - adder
Aim: an adder (severely wounded, chance to affect: 78%)
You miscast Necrotise.
You are very lightly contaminated with residual magic.
Nothing appears to happen.
The adder bites you.
* * * LOW HITPOINT WARNING * * *
The adder bites you but does no damage.
You closely miss the adder.
The adder is severely wounded.
The adder bites you.
* * * LOW HITPOINT WARNING * * *
You hit the adder but do no damage.
The adder is severely wounded.
The adder barely misses you.
You hit the adder.
The adder is almost dead.
The adder bites you.
* * * LOW HITPOINT WARNING * * *
The adder bites you but does no damage.
You hit the adder.
The adder is almost dead.
The adder bites you.
* * * LOW HITPOINT WARNING * * *
You closely miss the adder. Your punch misses the adder.
The adder is almost dead.
The adder bites you.
You die...

####### #.....#
#.....#
.[#....@#####[.
......S........
.###.>..#######
#....# #....#
h..#### ....
..... .###


You could see an adder.

Vanquished Creatures
  A dart slug (D:1)
  2 ball pythons (D:1)
  3 endoplasms (D:1)
  A giant cockroach (D:1)
  A goblin (D:1)
  A hobgoblin (D:1)
  A jackal (D:1)
  3 kobolds (D:1)
  2 bats (D:1)
  2 rats (D:1)
17 creatures vanquished.

Vanquished Creatures (collateral kills)
  A jackal (D:1)
1 creature vanquished.

Grand Total: 18 creatures vanquished

Notes
Turn   | Place    | Note
-------+----------+-------------------------------------------
     0 | D:1      | testman the Mummy Necromancer began the quest for the Orb.
     0 | D:1      | Reached XP level 1. HP: 13/13 MP: 4/4
   348 | D:1      | Reached XP level 2. HP: 19/19 MP: 3/6
  1078 | D:2      | Slain by an adder

Illustrated notes

Levels and vault maps discovered:
D:1:      nzn_arrival_crosshair, layout_loops_ring, minivault_11
D:2:      layout_rooms, hellmonk_ecumenical_altar_watching_god,
          roderic_roman_lattice, minmay_misc_feat_four_crosses

Skill      XL: |  1 |
---------------+----+-----
Spellcasting   | 3 |  3.5
Dodging        | |  1.5
Stealth        | |  1.5
Necromancy     | |  4.4

Action                   || total
-------------------------++-------
Melee: Unarmed           ||     1
       Short sword       ||     9
 Cast: Necrotise         ||    41
Armor: Robe              ||     5
Dodge: Dodged            ||    17

Table legend: (Time is in decaauts)
 A = Elapsed time spent in this place.
 B = Non-inter-level travel time spent in this place.
 C = Inter-level travel time spent in this place.
 D = Time resting spent in this place.
 E = Time spent auto-exploring this place.
 F = Levels seen in this place.
 G = Mean time per level.
                   A        B        C        D        E       F      G
               +--------+--------+--------+--------+--------+-----+--------+
         Total |   1078 |   1034 |     44 |     27 |    887 |   2 |  539.0 |
       Dungeon |   1078 |   1034 |     44 |     27 |    887 |   2 |  539.0 |
               +--------+--------+--------+--------+--------+-----+--------+

Top non-repeatable levels by time:
     D:1: 1058 daAuts
     D:2: 20 daAuts
